 Dungeon Crawl Stone Soup version 0.23.2 (webtiles) character file.

Game seed: 5459182938457773489

65 Kinoniko the Slasher (level 3, -11/27 HPs)
             Began as a Demonspawn Gladiator on Apr 2, 2019.
             Was an Initiate of Qazlal.
             Mangled by an ogre
             ... wielding a +0 giant club
              (24 damage)
             ... on level 5 of the Dungeon.
             The game lasted 00:10:37 (1667 turns).

Kinoniko the Slasher (Demonspawn Gladiator)         Turns: 1667, Time: 00:10:37

Health: -11/27     AC:  9    Str: 15    XL:     3   Next: 94%
Magic:  3/3        EV: 13    Int:  9    God:    Qazlal [......]
Gold:   102        SH:  0    Dex: 14    Spells: 1/2 levels left

rFire    . . .     SeeInvis .   a - +0 long sword
rCold    . . .     Gourm    .   (no shield)
rNeg     . . .     Faith    .   b - +0 leather armour
rPois    .         Spirit   .   c - +0 helmet
rElec    .         Reflect  .   (no cloak)
rCorr    .         Harm     .   m - +0 pair of gloves
MR       .....                  t - +1 pair of boots
Stlth    +.........             (no amulet)
HPRegen  0.09/turn              e - ring of flight
MPRegen  0.08/turn              (no ring)

@: no status effects
A: iridescent scales 1
a: Renounce Religion, Evoke Flight


You were on level 5 of the Dungeon.
You worshipped Qazlal.
Qazlal was noncommittal.
You were not hungry.

You visited 1 branch of the dungeon, and saw 4 of its levels.

You collected 102 gold pieces.

Inventory:

Hand Weapons
 a - a +0 long sword (weapon)
Missiles
 d - 3 throwing nets
 j - 8 exploding tomahawks (quivered)
Armour
 b - a +0 leather armour (worn)
 c - a +0 helmet (worn)
 m - a +0 pair of gloves (worn)
 t - a +1 pair of boots (worn)
Jewellery
 e - a ring of flight (left hand)
Scrolls
 g - a scroll of amnesia
 h - a scroll of remove curse
 i - 2 scrolls of teleportation
 l - a scroll of identify
Potions
 k - 2 potions of curing
 p - a potion of cancellation {unknown}
 q - a potion of haste
Comestibles
 f - 5 rations
 n - 3 chunks of flesh


   Skills:
 + Level 2.2 Fighting
 + Level 3.8 Long Blades
 + Level 1.8 Throwing
 + Level 0.2 Armour
 + Level 3.0 Dodging
 + Level 0.2 Stealth
 + Level 0.3 Necromancy


You had one spell level left.
You knew the following spells:

 Your Spells              Type           Power        Failure   Level  Hunger
a - Animate Skeleton      Necr           N/A          41%         1    ##.....

Your spell library contained the following spells:

 Spells                   Type           Power        Failure   Level  Hunger
 Apportation              Tloc           #.....       45%         1    ##.....
 Confusing Touch          Hex            #.....       45%         1    ##.....
 Summon Small Mammal      Summ           #...         45%         1    ##.....


Dungeon Overview and Level Annotations

Branches:
Dungeon (5/15)
 Temple: D:4-7

Altars:
Fedhas
Qazlal

Shops:
D:5 *

Annotations:
D:2 exclusion: oklob plant


Innate Abilities, Weirdness & Mutations

You are partially covered in iridescent scales. (AC +2)


Message History

You barely miss the ogre. The ogre barely misses you.
You riposte.
You barely miss the ogre.
You feel better.
You slash the ogre!
The ogre is heavily wounded.
An orc comes into view.
It is wielding a +1 flail of holy wrath.
The ogre closely misses you.
The orc moves out of view.
You hit the ogre.
The ogre is heavily wounded.
The ogre barely misses you.
You riposte.
You hit the ogre.
The ogre is severely wounded.
You hit the ogre.
The ogre is almost dead.
The ogre closely misses you.
You riposte.
You hit the ogre but do no damage.
The ogre is almost dead.
You hit the ogre but do no damage.
The ogre is almost dead.
The ogre hits you with a +0 giant club!!
Ouch! That really hurt!
You die...

... #.# #
########>#####.#
#.....##........
#.###.##....>..#
#.# #.........#
#.# ####.######
##.######.# #.#
.....oO@..# #.#
## #####.#####
#.# ##. # #
##.## ##.. #.
###...###... #.
#...........
##..#####
#.#...###...
##.#.#.#.#
#.##........
#.#.#.#.#.# #
######.#>
##.#.#.#.#.#
#.##


You could see an ogre and an orc.

Vanquished Creatures
  An adder (D:2)
  An adder skeleton (D:5)
  A worm (D:2)
  2 dart slugs
  2 leopard geckos
  3 orcs (D:5)
  3 bats (D:1)
  4 giant cockroaches
  6 goblins
  4 hobgoblins
  A quokka (D:2)
  2 frilled lizards
  3 kobolds (D:2)
  7 rats
40 creatures vanquished.

Notes
Turn   | Place    | Note
-------+----------+-------------------------------------------
     0 | D:1      | Kinoniko the Demonspawn Gladiator began the quest for the
                  | Orb.
     0 | D:1      | Reached XP level 1. HP: 16/16 MP: 1/1
   119 | D:1      | Gained mutation: You are partially covered in iridescent
                  | scales. (AC +2) [demonic ancestry]
   119 | D:1      | Reached XP level 2. HP: 22/22 MP: 2/2
   327 | D:1      | You fall through a shaft!
   391 | D:2      | Reached XP level 3. HP: 20/27 MP: 3/3
   525 | D:2      | Learned a level 1 spell: Animate Skeleton
   782 | D:2      | Found a blossoming altar of Fedhas.
   958 | D:2      | Found a stormy altar of Qazlal.
   977 | D:2      | Became a worshipper of Qazlal Stormbringer
  1135 | D:2      | Noticed an oklob plant
  1516 | D:3      | You fall through a shaft for 2 floors!
  1516 | D:5      | Entered Level 5 of the Dungeon
  1578 | D:5      | Found Cafriaku's Assorted Antiques.
  1655 | D:5      | Noticed an ogre
  1660 | D:5      | HP: 1/27 [ogre/+0 giant club (25)]
  1667 | D:5      | Mangled by an ogre

Skill      XL: |  1  2  3 |
---------------+----------+-----
Long Blades    | 3 |  3.8
Dodging        | 3 |  3.0
Fighting       | |  2.2
Throwing       | |  1.8
Armour         | |  0.2
Stealth        | |  0.2
Necromancy     | |  0.3

Action                   || total
-------------------------++-------
Melee: Long sword        ||   123
 Cast: Animate Skeleton  ||     3
  Use: Scroll            ||     8
       Potion            ||     1
 Stab: Sleeping          ||     1
  Eat: Ration            ||     1
Armor: Leather armour    ||    39
Dodge: Dodged            ||    87
       Rpst.: Long sword ||    22
